 Dungeon Crawl Stone Soup version 0.30-a0-639-g3916f1956a (webtiles) character file.

Game seed: 5304036224975733423

240 Persephone the Chopper (level 5, -2/41 HPs)
             Began as a Demonspawn Berserker on Jan 15, 2023.
             Was a Believer of Trog.
             Killed by divine providence
             ... invoked by an orc priest
              (15 damage)
             ... on level 3 of the Dungeon.
             The game lasted 00:06:17 (1944 turns).

Persephone the Chopper (Demonspawn Berserker)       Turns: 1944, Time: 00:06:18

Health: -2/41      AC: 12    Str: 19    XL:     5   Next: 79%
Magic:  5/5        EV:  6    Int:  8    God:    Trog [**....]
Gold:   124        SH:  0    Dex: 13    Spells: 4/4 levels left

rFire   . . .      SeeInvis .    a - +0 hand axe
rCold   . . .      Faith    .    (no shield)
rNeg    . . .      Spirit   .    l - +0 plate armour
rPois   .          Reflect  .    n - +0 helmet
rElec   .          Harm     .    (no cloak)
rCorr   .          Rampage  .    (no gloves)
Will    .....                    (no boots) Stlth
                                 (no amulet)
HPRegen 0.26/turn                (no ring)
MPRegen 0.09/turn                (no ring)

@: no status effects
A: demonic guardian 1, weakness stinger 1
a: Renounce Religion, Berserk, Trog's Hand


You were on level 3 of the Dungeon.
You worshipped Trog.
Trog was pleased with you.
You visited 1 branch of the dungeon, and saw 3 of its levels.

You collected 124 gold pieces.

Inventory:

Hand Weapons
 a - a +0 hand axe (weapon)
Armour
 l - a +0 plate armour (worn)
 n - a +0 helmet (worn)
Scrolls
 f - 2 scrolls of enchant armour
Potions
 b - 2 potions of curing
 c - 2 potions of might
 d - a potion of resistance {unknown}
 i - 3 potions of flight {unknown}
 j - a potion of invisibility {unknown}
 k - 2 potions of haste
 m - a potion of degeneration {unknown}


   Skills:
 - Level 3.2 Fighting
 + Level 5.6 Axes
 - Level 2.1 Armour
 - Level 2.1 Dodging


You had 4 spell levels left.
You didn't know any spells.
Your spell library was empty.

Dungeon Overview and Level Annotations

Branches:
Dungeon (3/15)

Altars:


Innate Abilities, Weirdness & Mutations

A weak demonic guardian rushes to your aid.
You have a small tail.


Message History

The orc is heavily wounded.
The orc hits you but does no damage.
An orc comes into view. It is wielding a +0 club.
You barely miss the orc.
The orc is heavily wounded.
The orc shouts!
The orc barely misses you.
You completely miss the orc.
The orc is heavily wounded.
The orc hits you with a +0 dagger.
You hit the orc but do no damage.
The orc is heavily wounded.
The orc hits you but does no damage.
You slash the orc!
You kill the orc!
Trog accepts your kill.
An orc priest comes into view. It is wielding a +0 club.
Things that are here:
a +0 dagger; 3 boomerangs of dispersal The orc priest shouts!
The orc priest looks satisfied for a moment.
The orc barely misses you.
You hit the orc.
The orc is severely wounded.
The orc hits you but does no damage.
You barely miss the orc.
The orc is severely wounded.
The orc priest calls down the wrath of Beogh upon you.
Pain shoots through your body! The orc closely misses you.
The orc priest invokes the aid of Beogh against you.
Beogh smites you! The orc closely misses you.
There are monsters nearby!
You are too injured to fight recklessly!
The orc priest mumbles some strange prayers to Beogh against you.
Pain shoots through your body! The orc barely misses you.
The orc attacks as you move away! The orc hits you but does no damage.
Items here: ( ) ††.
The orc priest calls down the wrath of Beogh upon you.
Beogh smites you!
You die...

#<# #.# #########
#.# #.......#
#.####.......###.
#.##<#...........
#.##.#...........
#)##.#........... #
#.##.#....o......
#.##'##.#...@.......
#.......#.$)...>....
#......$...o........
#.......#.......##..
#.......).......# .
#.......†####.....
#.........# ....##
#........[# ....#
#.####..#.# ##+##


You could see an orc priest and an orc.

Vanquished Creatures
  Sigmund (D:2)
  An orc wizard (D:3)
  A worm (D:2)
  A dart slug (D:3)
  5 orcs
  4 endoplasms
  A giant cockroach (D:1)
  4 goblins
  3 hobgoblins
  3 jackals (D:1)
  4 kobolds
  4 quokkas
  5 ball pythons
  5 bats
  3 rats
45 creatures vanquished.

Notes
Turn   | Place    | Note
-------+----------+-------------------------------------------
     0 | D:1      | Persephone the Demonspawn Berserker began the quest for the
                  | Orb.
     0 | D:1      | Reached XP level 1. HP: 18/18 MP: 1/1
   299 | D:1      | Gained mutation: You have a small tail. [demonic ancestry]
   299 | D:1      | Reached XP level 2. HP: 23/24 MP: 2/2
   591 | D:1      | Reached skill level 3 in Axes
   726 | D:1      | Reached ** piety under Trog
   820 | D:1      | Gained mutation: A weak demonic guardian rushes to your
                  | aid. [demonic ancestry]
   820 | D:1      | Reached XP level 3. HP: 27/29 MP: 3/3
  1101 | D:2      | Found a faded altar of an unknown god.
  1472 | D:2      | Noticed Sigmund
  1483 | D:2      | Killed Sigmund
  1484 | D:2      | Reached skill level 5 in Axes
  1484 | D:2      | Reached XP level 4. HP: 35/35 MP: 4/4
  1484 | D:2      | Reached XP level 5. HP: 41/41 MP: 5/5
  1944 | D:3      | Killed from afar by an orc priest

Illustrated notes

Levels and vault maps discovered:
D:1:      dpeg_arrival_renting, layout_basic
D:2:      layout_loops_ring, hellmonk_ecumenical_altar_defaced_shrine,
          uniq_sigmund
D:3:      layout_basic, grunt_gozag_breadcrumbs, hangedman_ru_absence,
          uniq_grinder

Skill      XL: |  1  2  3 |
---------------+----------+-----
Armour         | 2 |  2.1
Dodging        | 2 |  2.1
Axes           | 3 5 |  5.6
Fighting       | |  3.2

Action                   |  1- 3 |  4- 6 || total
-------------------------+-------+-------++-------
Melee: Hand axe          |   113 |    32 ||   145
       Punch             |     3 |     1 ||     4
       Tailslap          |     9 |     3 ||    12
Invok: Berserk           |     3 |       ||     3
       Trog's Hand       |       |     1 ||     1
  Use: Scroll            |     7 |     3 ||    10
Armor: Animal skin       |     7 |       ||     7
       Ring mail         |    20 |       ||    20
       Plate armour      |    22 |    24 ||    46
Dodge: Dodged            |    92 |     8 ||   100

Table legend: (Time is in decaauts)
 A = Elapsed time spent in this place.
 B = Non-inter-level travel time spent in this place.
 C = Inter-level travel time spent in this place.
 D = Time resting spent in this place.
 E = Time spent auto-exploring this place.
 F = Levels seen in this place.
 G = Mean time per level.
                   A        B        C        D        E       F      G
               +--------+--------+--------+--------+--------+-----+--------+
         Total |   1992 |   1879 |    113 |      0 |   1450 |   3 |  664.0 |
       Dungeon |   1992 |   1879 |    113 |      0 |   1450 |   3 |  664.0 |
               +--------+--------+--------+--------+--------+-----+--------+

Top non-repeatable levels by time:
     D:2: 967 daAuts
     D:1: 940 daAuts
     D:3: 84 daAuts
